 Dungeon Crawl Stone Soup version 0.28.0 (webtiles) character file.

Game seed: 1108348191451497831

611 mathmaestro the Shield-Bearer (level 7, 0/44 HPs)
             Began as a Gargoyle Fighter on Feb 8, 2022.
             Slain by a quokka (1 damage)
             ... summoned by Eustachio
             ... on level 4 of the Dungeon.
             The game lasted 00:07:50 (4823 turns).

mathmaestro the Shield-Bearer (Gargoyle Fighter)    Turns: 4823, Time: 00:07:51

Health: 0/44       AC: 22    Str: 21    XL:     7   Next: 44%
Magic:  7/7        EV:  6    Int:  7    God:
Gold:   213        SH:  4    Dex:  9    Spells: 6/6 levels left

rFire   + . .      SeeInvis .   a - +0 flail
rCold   + + .      Faith    .   c - +0 buckler
rNeg    + . .      Spirit   .   h - +0 plate armour
rPois   ∞          Reflect  .   (helmet restricted)
rElec   +          Harm     .   r - +2 cloak
rCorr   +          Rampage  .   b - +1 pair of gloves
Will    +....                   (no boots)
Stlth   ..........              p - amulet of magic regeneration
HPRegen 0.14/turn               l - ring of willpower
MPRegen 0.50/turn               m - ring of protection from cold

@: resistant
A: sickness immunity, AC +4, negative energy resistance 1, electricity
resistance, torment resistance 1, petrification resistance, antennae 1, dopey 1,
mutation resistance 1
a: no special abilities


You were on level 4 of the Dungeon.
You visited 1 branch of the dungeon, and saw 4 of its levels.

You collected 213 gold pieces.

Inventory:

Hand Weapons
 a - a +0 flail (weapon)
Missiles
 t - 4 javelins (quivered)
Armour
 b - a +1 pair of gloves (worn)
 c - a +0 buckler (worn)
 h - a +0 plate armour (worn)
 r - a +2 cloak (worn)
Jewellery
 l - a ring of willpower (left hand)
 m - a ring of protection from cold (right hand)
 p - an amulet of magic regeneration (around neck)
 s - a ring of resist corrosion
Scrolls
 e - 2 scrolls of teleportation {unknown}
 f - 2 scrolls of enchant armour {unknown}
 k - a scroll of brand weapon {unknown}
 n - a scroll of identify {unknown}
 o - a scroll of vulnerability {unknown}
 u - 2 scrolls of noise {unknown}
Potions
 d - a potion of might
 g - a potion of haste
 q - a potion of heal wounds {unknown}
 v - a potion of flight
 w - a potion of ambrosia {unknown}


   Skills:
 + Level 5.1 Fighting
 + Level 4.1 Maces & Flails
 + Level 2.1 Throwing
 + Level 5.1 Armour
 + Level 5.2 Shields


You had 6 spell levels left.
You didn't know any spells.
Your spell library contained the following spells:

 Spells                   Type           Power      Damage    Failure   Level
 Slow                     Hex            0%         N/A       100%        1
 Confusing Touch          Hex            0%         N/A       100%        3
 Vampiric Draining        Necr           0%         2d6       100%        3


Dungeon Overview and Level Annotations

Branches:
Dungeon (4/15)             Temple (0/1) D:4

Altars:
Hepliaklqana

Annotations:
D:4 Eustachio


Innate Abilities, Weirdness & Mutations

You are immune to sickness and miasma.
Your stone body is resilient. (AC +4)
You are immune to poison.
You resist negative energy. (rN+)
You are resistant to electric shocks. (rElec)
You are resistant to unholy torment.
You are immune to petrification.
You have a pair of small antennae on your head.
You are dopey. (Int -2)
You are somewhat resistant to further mutation.


Message History

You closely miss Eustachio.
Eustachio is moderately wounded.
The bat hits you but does no damage. The quokka barely misses you.
Eustachio barely misses you. The quokka barely misses you.
You block the quokka's attack.
Unknown command.
You thump Eustachio!
Eustachio is severely wounded.
You block the bat's attack. You block the quokka's attack.
Eustachio hits you with a +0 rapier.
* * * LOW HITPOINT WARNING * * *
You block the quokka's attack.
The quokka twitches its whiskers.
You block the quokka's attack. Eustachio hits you with a +0 rapier.
* * * LOW HITPOINT WARNING * * *
Unknown command.
You hit Eustachio.
Eustachio is severely wounded.
You block the bat's attack.
The quokka bites you but does no damage.
The bat closely misses you. The quokka bites you.
* * * LOW HITPOINT WARNING * * *
Eustachio hits you but does no damage.
Okay, then.
Okay, then.
It was a potion of resistance.
You feel protected. The bat barely misses you. The quokka bites you.
* * * LOW HITPOINT WARNING * * *
The quokka completely misses you.
Eustachio mumbles some strange words.
Eustachio blinks!
The quokka barely misses you.
The quokka twitches its whiskers.
The quokka barely misses you.
It was a potion of mutation.
You feel extremely strange.
You feel stupid. A pair of antennae grows on your head!
You feel genetically stable. The bat hits you but does no damage.
You block the quokka's attack. The quokka bites you.
You die...

....§..+# ..# .......
...# '.... ....+ #...
....# #..#####....#
#.....#..##.......#
#.....#...#....@..#
#.....#...)r......#
####+#....)#...#@r.....#
...........#####.....###
...............b.....#
.....................#
........[............#
##+###...............#
.....'.....#########....
.....#.....'....+ ....
.....#)....#....# ...


You could see Eustachio, 2 quokkas and a bat (summoned).

Vanquished Creatures
  Sigmund (D:3)
  A scorpion (D:4)
  An orc priest (D:3)
  Crazy Yiuf (D:2)
  Jessica (D:2)
  An orc wizard (D:4)
  Terence (D:2)
  10 gnolls (D:3)
  2 adders (D:3)
  2 dart slugs
  7 orcs
  3 endoplasms
  A giant cockroach (D:4)
  43 goblins
  24 hobgoblins
  3 jackals (D:2)
  6 kobolds
  4 quokkas
  10 ball pythons
  7 bats
  3 frilled lizards (D:2)
  6 rats
138 creatures vanquished.

Vanquished Creatures (others)
  2 fungi (D:2)
2 creatures vanquished.

Grand Total: 140 creatures vanquished

Notes
Turn   | Place    | Note
-------+----------+-------------------------------------------
     0 | D:1      | mathmaestro the Gargoyle Fighter began the quest for the
                  | Orb.
     0 | D:1      | Reached XP level 1. HP: 14/14 MP: 1/1
   167 | D:1      | Reached XP level 2. HP: 11/19 MP: 2/2
   892 | D:1      | Reached XP level 3. HP: 13/23 MP: 3/3
  1313 | D:2      | Found a hazy altar of Hepliaklqana.
  1431 | D:2      | Found a faded altar of an unknown god.
  1431 | D:2      | Noticed Terence
  1459 | D:2      | Killed Terence
  1460 | D:2      | Reached XP level 4. HP: 13/29 MP: 4/4
  1884 | D:2      | Noticed Jessica
  1891 | D:2      | Killed Jessica
  2190 | D:2      | Found a runed translucent door.
  2191 | D:2      | Noticed Crazy Yiuf
  2199 | D:2      | Killed Crazy Yiuf
  2200 | D:2      | Reached XP level 5. HP: 33/33 MP: 5/5
  2940 | D:3      | Noticed Sigmund
  2988 | D:3      | Killed Sigmund
  2989 | D:3      | Reached skill level 1 in Throwing
  2989 | D:3      | Reached XP level 6. HP: 21/39 MP: 6/6
  3663 | D:3      | Reached XP level 7. HP: 21/44 MP: 7/7
  3924 | D:3      | Reached skill level 5 in Shields
  4154 | D:3      | Reached skill level 5 in Fighting
  4161 | D:3      | Reached skill level 5 in Armour
  4778 | D:4      | Found a staircase to the Ecumenical Temple.
  4779 | D:4      | Noticed Eustachio
  4821 | D:4      | HP: 2/44 [quokka[Eustachio] (2)]
  4823 | D:4      | Gained mutation: You are dopey. (Int -2) [potion of
                  | mutation]
  4823 | D:4      | Gained mutation: You have a pair of small antennae on your
                  | head. [potion of mutation]
  4823 | D:4      | Gained mutation: You are somewhat resistant to further
                  | mutation. [potion of mutation]
  4823 | D:4      | Slain by a quokka

Illustrated notes

Levels and vault maps discovered:
D:1:      tarquinn_simple_flora_water_f, layout_rooms, st_stairs_3,
          grunt_decor_resistance
D:2:      layout_basic, basic_altar, nicolae_ecumenical_snake_handling,
          item_on_display_a, uniq_crazy_yiuf_cottage, uniq_terence, uniq_jessica
D:3:      minmay_goblin_kobold_castle, layout_rooms, uniq_sigmund
D:4:      layout_gridville, minmay_temple_entry_purple_smoke, uniq_eustachio,
          uniq_pikel, uniq_ijyb

Skill      XL: |  1  2  3  4  5  6  7 |
---------------+----------------------+-----
Fighting       | 4 5 |  5.1
Armour         | 4 5 |  5.1
Shields        | 4 5 |  5.2
Maces & Flails | 3 4 |  4.1
Throwing       | 1 2 |  2.1

Action                   |  1- 3 |  4- 6 |  7- 9 || total
-------------------------+-------+-------+-------++-------
Melee: Flail             |   107 |   199 |   132 ||   438
Throw: Javelin           |       |     2 |       ||     2
  Use: Potion            |     2 |       |     2 ||     4
Armor: Scale mail        |    14 |       |       ||    14
       Plate armour      |    90 |   191 |   116 ||   397
Dodge: Dodged            |    37 |    70 |    56 ||   163
Block: Buckler           |    32 |    51 |    45 ||   128
